General information
- name: BNet
- type: Ladder team game (AT/RT)
- host: Battle.net
- saver: Jakes_a_pimp
map: TwilightRuins
- players: 8
- length: 29:58
- speed: Fast
- version: 1.26 W3XP
- replay type: Public
» download(247 KB)
Players
team 1 (loser)
humans_wrath (
purple | 84 APM | 2144 actions | 25:30)
5 Archmage
3 Summon Water Elemental
2 Brilliance Aura
3 Mountain King
2 Storm Bolt
1 Bash
3 Paladin
2 Holy Light
1 Divine Shield
» actions
| Assign group hotkey | 38 | |
| Basic commands | 23 | |
| Build / train | 82 | |
| ESC pressed | 2 | |
| Enter build submenu | 16 | |
| Enter hero's abilities submenu | 12 | |
| Give item / drop item | 3 | |
| Remove unit from queue | 5 | |
| Right click | 1170 | |
| Select / deselect | 435 | |
| Select group hotkey | 254 | |
| Use ability | 104 | |
2144 total
» units
| Peasant | 10 | |
| Footman | 11 | |
| Knight | 1 | |
| Rifleman | 6 | |
| Dragonhawk Rider | 6 | |
34 total
» upgrades
| Defend | 1 | |
| Animal War Training | 1 | |
| Long Rifles | 1 | |
| Gunpowder | 2 | |
5 total
» buildings
| Altar of Kings | 1 | |
| Farm | 7 | |
| Barracks | 2 | |
| Arcane Vault | 1 | |
| Keep | 1 | |
| Lumber Mill | 1 | |
| Scout Tower | 5 | |
| Arcane Tower | 1 | |
| Guard Tower | 4 | |
| Castle | 1 | |
| Blacksmith | 1 | |
| Gryphon Aviary | 1 | |
26 total
» build order
00:12 Altar of Kings
00:21 Farm
00:36 Farm
00:42 Barracks
01:31 Farm
01:45 Arcane Vault
02:50 Farm
03:38 Keep
04:35 Farm
05:11 Lumber Mill
05:13 Scout Tower
05:14 Scout Tower
05:14 Scout Tower
05:15 Scout Tower
05:16 Scout Tower
05:44 Arcane Tower
06:32 Guard Tower
06:34 Guard Tower
07:54 Guard Tower
08:27 Castle
08:57 Blacksmith
11:21 Barracks
11:58 Farm
11:59 Farm
12:13 Gryphon Aviary
» items
| Boots of Speed | 1 | |
| Potion of Healing | 4 | |
| Scroll of Regeneration | 4 | |
| Scroll of Town Portal | 2 | |
| Staff of Sanctuary | 1 | |
12 total

»
Thomas-Ripper (
red | 40 APM | 977 actions | 24:32)
6 Paladin
3 Devotion Aura
2 Holy Light
1 Resurrection
» actions
| Assign group hotkey | 11 | |
| Basic commands | 11 | |
| Build / train | 104 | |
| Enter build submenu | 40 | |
| Enter hero's abilities submenu | 6 | |
| Remove unit from queue | 4 | |
| Right click | 373 | |
| Select / deselect | 325 | |
| Select group hotkey | 41 | |
| Use ability | 62 | |
977 total
» units
| Peasant | 16 | |
| Footman | 14 | |
| Knight | 23 | |
| Siege Engine | 11 | |
64 total
» upgrades
| Defend | 1 | |
| Lumber Harvesting | 2 | |
| Gunpowder | 0 | |
| Armor | 0 | |
| Swords | 2 | |
| Plating | 2 | |
| Animal War Training | 1 | |
| Barrage | 1 | |
9 total
» buildings
| Altar of Kings | 1 | |
| Farm | 11 | |
| Scout Tower | 15 | |
| Barracks | 4 | |
| Arcane Tower | 1 | |
| Arcane Vault | 1 | |
| Lumber Mill | 1 | |
| Keep | 1 | |
| Town Hall | 1 | |
| Blacksmith | 2 | |
| Guard Tower | 13 | |
| Castle | 1 | |
| Workshop | 3 | |
55 total
» build order
00:11 Altar of Kings
00:14 Farm
01:01 Farm
01:08 Scout Tower
01:39 Barracks
02:03 Arcane Tower
02:22 Farm
02:34 Arcane Vault
03:03 Barracks
03:08 Farm
03:38 Lumber Mill
04:04 Farm
04:48 Farm
05:39 Keep
06:38 Farm
07:43 Town Hall
07:52 Farm
08:09 Scout Tower
08:15 Scout Tower
08:37 Blacksmith
08:41 Blacksmith
08:49 Scout Tower
08:50 Guard Tower
09:09 Scout Tower
09:20 Guard Tower
09:22 Scout Tower
09:23 Castle
09:33 Scout Tower
10:19 Farm
10:30 Scout Tower
10:31 Guard Tower
10:42 Guard Tower
10:43 Guard Tower
10:45 Scout Tower
10:48 Scout Tower
11:09 Guard Tower
11:12 Scout Tower
11:16 Farm
11:36 Guard Tower
11:37 Guard Tower
11:41 Scout Tower
11:45 Scout Tower
11:49 Guard Tower
11:52 Scout Tower
12:01 Barracks
12:11 Guard Tower
12:14 Guard Tower
12:24 Farm
12:32 Guard Tower
12:48 Scout Tower
13:50 Guard Tower
19:05 Barracks
20:35 Workshop
20:40 Workshop
20:46 Workshop
» items
| Scroll of Regeneration | 1 | |
| Scroll of Town Portal | 2 | |
| Potion of Healing | 1 | |
4 total

»
Fern. (
blue | 87 APM | 2105 actions | 24:10)
4 Mountain King
2 Storm Bolt
2 Thunder Clap
» actions
| Assign group hotkey | 152 | |
| Basic commands | 10 | |
| Build / train | 149 | |
| ESC pressed | 3 | |
| Enter build submenu | 35 | |
| Enter hero's abilities submenu | 4 | |
| Give item / drop item | 2 | |
| Right click | 1008 | |
| Select / deselect | 398 | |
| Select group hotkey | 222 | |
| Use ability | 122 | |
2105 total
» units
| Peasant | 29 | |
| Rifleman | 37 | |
| Flying Machine | 16 | |
82 total
» upgrades
| Masonry | 2 | |
| Armor | 2 | |
| Gunpowder | 1 | |
| Long Rifles | 1 | |
| Lumber Harvesting | 1 | |
| Plating | 1 | |
8 total
» buildings
| Farm | 8 | |
| Altar of Kings | 1 | |
| Lumber Mill | 1 | |
| Scout Tower | 14 | |
| Blacksmith | 1 | |
| Barracks | 2 | |
| Arcane Tower | 6 | |
| Guard Tower | 20 | |
| Arcane Vault | 1 | |
| Keep | 1 | |
| Town Hall | 3 | |
| Workshop | 2 | |
60 total
» build order
00:19 Farm
00:22 Altar of Kings
00:32 Lumber Mill
00:40 Scout Tower
01:16 Blacksmith
01:35 Farm
01:43 Scout Tower
02:19 Barracks
02:27 Arcane Tower
02:27 Arcane Tower
02:34 Arcane Tower
02:34 Arcane Tower
02:59 Scout Tower
03:01 Scout Tower
03:31 Guard Tower
03:32 Guard Tower
03:32 Guard Tower
03:32 Guard Tower
03:43 Farm
03:48 Farm
04:34 Arcane Vault
05:43 Farm
05:52 Farm
06:38 Barracks
06:56 Farm
07:38 Keep
07:48 Scout Tower
07:53 Scout Tower
07:56 Farm
10:11 Town Hall
10:17 Scout Tower
10:19 Scout Tower
10:25 Scout Tower
10:29 Scout Tower
10:47 Guard Tower
10:52 Guard Tower
10:52 Guard Tower
11:21 Guard Tower
11:21 Guard Tower
12:01 Guard Tower
13:10 Workshop
13:13 Workshop
16:10 Town Hall
16:13 Town Hall
16:19 Scout Tower
16:21 Scout Tower
16:24 Scout Tower
16:26 Scout Tower
20:17 Guard Tower
20:18 Guard Tower
20:19 Guard Tower
20:25 Guard Tower
20:25 Guard Tower
» items
| Scroll of Regeneration | 4 | |
| Lesser Clarity Potion | 6 | |
| Boots of Speed | 1 | |
| Potion of Healing | 4 | |
| Scroll of Town Portal | 2 | |
17 total
Ken_Oh_Troops (
orange | 32 APM | 958 actions | 29:56)
3 Archmage
2 Blizzard
1 Brilliance Aura
» actions
| Build / train | 75 | |
| Enter build submenu | 22 | |
| Enter hero's abilities submenu | 3 | |
| Remove unit from queue | 3 | |
| Right click | 517 | |
| Select / deselect | 289 | |
| Use ability | 49 | |
958 total
» units
| Peasant | 10 | |
| Mortar Team | 13 | |
| Siege Engine | 14 | |
37 total
» upgrades
| Masonry | 3 | |
| Lumber Harvesting | 1 | |
| Flare | 1 | |
| Gunpowder | 3 | |
| Fragmentation Shards | 1 | |
| Barrage | 1 | |
| Plating | 2 | |
| Armor | 1 | |
13 total
» buildings
| Lumber Mill | 1 | |
| Scout Tower | 6 | |
| Guard Tower | 6 | |
| Farm | 8 | |
| Keep | 3 | |
| Altar of Kings | 1 | |
| Blacksmith | 1 | |
| Castle | 3 | |
| Workshop | 2 | |
| Arcane Vault | 1 | |
| Town Hall | 1 | |
33 total
» build order
00:11 Lumber Mill
00:34 Scout Tower
01:01 Guard Tower
01:05 Scout Tower
01:11 Farm
01:36 Scout Tower
01:37 Guard Tower
02:03 Guard Tower
02:06 Scout Tower
02:29 Keep
02:30 Keep
02:36 Guard Tower
02:46 Scout Tower
02:59 Altar of Kings
03:07 Farm
03:14 Guard Tower
03:20 Scout Tower
03:49 Guard Tower
04:06 Blacksmith
04:51 Castle
04:51 Castle
04:55 Workshop
05:36 Workshop
05:41 Farm
06:19 Farm
06:42 Farm
07:03 Arcane Vault
08:12 Farm
11:45 Farm
12:33 Farm
27:00 Town Hall
» items
| Scroll of Town Portal | 4 | |
| Scroll of Regeneration | 1 | |
5 total
team 2 (winner)
NO_HWAY (
green | 117 APM | 3514 actions | 29:57)
7 Paladin
1 Holy Light
2 Divine Shield
3 Devotion Aura
1 Resurrection
» actions
| Assign group hotkey | 40 | |
| Basic commands | 64 | |
| Build / train | 86 | |
| Enter build submenu | 41 | |
| Enter hero's abilities submenu | 7 | |
| Give item / drop item | 2 | |
| Remove unit from queue | 1 | |
| Right click | 1740 | |
| Select / deselect | 498 | |
| Select group hotkey | 947 | |
| Use ability | 88 | |
3514 total
» units
| Peasant | 16 | |
| Rifleman | 17 | |
| Gryphon Rider | 5 | |
| Dragonhawk Rider | 3 | |
41 total
» upgrades
| Gunpowder | 3 | |
| Armor | 3 | |
| Masonry | 3 | |
| Long Rifles | 1 | |
| Storm Hammers | 1 | |
| Flak Cannons | 1 | |
| Fragmentation Shards | 1 | |
| Lumber Harvesting | 2 | |
| Animal War Training | 1 | |
| Swords | 2 | |
| Cloud | 1 | |
19 total
» buildings
| Blacksmith | 1 | |
| Barracks | 2 | |
| Farm | 13 | |
| Altar of Kings | 1 | |
| Scout Tower | 11 | |
| Arcane Tower | 1 | |
| Lumber Mill | 3 | |
| Town Hall | 5 | |
| Guard Tower | 1 | |
| Arcane Vault | 2 | |
| Keep | 2 | |
| Castle | 1 | |
| Gryphon Aviary | 4 | |
| Workshop | 2 | |
49 total
» build order
00:59 Blacksmith
01:04 Barracks
01:06 Farm
01:12 Farm
01:14 Altar of Kings
01:51 Farm
02:39 Farm
03:13 Scout Tower
03:15 Scout Tower
03:19 Farm
03:46 Arcane Tower
05:05 Farm
05:17 Lumber Mill
06:15 Town Hall
06:17 Scout Tower
06:17 Scout Tower
06:19 Scout Tower
06:20 Scout Tower
07:38 Guard Tower
07:42 Arcane Vault
07:46 Arcane Vault
08:37 Keep
09:41 Barracks
11:22 Town Hall
11:27 Keep
11:41 Scout Tower
11:42 Scout Tower
11:43 Scout Tower
11:45 Scout Tower
11:46 Scout Tower
11:50 Farm
11:50 Farm
15:21 Castle
15:28 Gryphon Aviary
15:29 Gryphon Aviary
15:30 Gryphon Aviary
15:35 Workshop
15:35 Workshop
18:34 Farm
18:35 Farm
18:35 Farm
18:35 Farm
18:36 Farm
19:19 Town Hall
26:54 Town Hall
26:56 Town Hall
27:04 Lumber Mill
27:08 Lumber Mill
» items
| Scroll of Regeneration | 2 | |
| Lesser Clarity Potion | 2 | |
| Scroll of Town Portal | 2 | |
| Orb of Fire | 1 | |
| Staff of Teleportation | 1 | |
| Boots of Speed | 1 | |
9 total

»
ChInoCOChino (
pink | 60 APM | 1804 actions | 29:57)
6 Death Knight
2 Death Coil
3 Unholy Aura
1 Animate Dead
4 Lich
2 Frost Nova
2 Frost Armor
3 Crypt Lord
1 Impale
2 Spiked Carapace
» actions
| Assign group hotkey | 3 | |
| Basic commands | 185 | |
| Build / train | 68 | |
| Enter build submenu | 21 | |
| Enter hero's abilities submenu | 13 | |
| Give item / drop item | 4 | |
| Right click | 905 | |
| Select / deselect | 435 | |
| Select group hotkey | 59 | |
| Use ability | 111 | |
1804 total
» units
| Acolyte | 11 | |
| Ghoul | 3 | |
| Crypt Fiend | 4 | |
| Obsidian Statue | 4 | |
| Goblin Shredder | 1 | |
| Frost Wyrm | 3 | |
26 total
» upgrades
| Creature Attack | 3 | |
| Creature Carapace | 3 | |
| Burrow | 1 | |
| Web | 1 | |
| Destroyer Form | 1 | |
| Freezing Breath | 1 | |
10 total
» buildings
| Crypt | 1 | |
| Graveyard | 1 | |
| Altar of Darkness | 1 | |
| Ziggurat | 10 | |
| Tomb of Relics | 1 | |
| Halls of the Dead | 1 | |
| Slaughterhouse | 1 | |
| Black Citadel | 1 | |
| Nerubian Tower | 1 | |
| Necropolis | 1 | |
| Sacrificial Pit | 1 | |
| Boneyard | 2 | |
| Spirit Tower | 2 | |
24 total
» build order
00:09 Crypt
00:15 Graveyard
00:53 Altar of Darkness
01:01 Ziggurat
01:28 Tomb of Relics
02:04 Ziggurat
03:44 Halls of the Dead
05:14 Ziggurat
07:17 Ziggurat
07:20 Slaughterhouse
07:42 Ziggurat
09:00 Black Citadel
09:18 Nerubian Tower
10:40 Ziggurat
10:42 Necropolis
11:23 Sacrificial Pit
11:26 Ziggurat
12:16 Ziggurat
13:31 Boneyard
13:31 Boneyard
21:13 Spirit Tower
21:17 Ziggurat
21:17 Ziggurat
22:16 Spirit Tower
» items
| Rod of Necromancy | 1 | |
| Sacrificial Skull | 1 | |
| Dust of Appearance | 1 | |
| Potion of Healing | 3 | |
| Orb of Corruption | 1 | |
| Scroll of Healing | 1 | |
| Scroll of Town Portal | 1 | |
9 total
Jakes_a_pimp (
teal | 72 APM | 2161 actions | 29:58)
6 Blademaster
3 Wind Walk
2 Critical Strike
1 Bladestorm
5 Shadow Hunter
2 Hex
3 Healing Wave
1 Tauren Chieftain
1 Shockwave
» actions
| Assign group hotkey | 69 | |
| Basic commands | 1 | |
| Build / train | 94 | |
| Enter build submenu | 10 | |
| Enter hero's abilities submenu | 13 | |
| Give item / drop item | 2 | |
| Remove unit from queue | 2 | |
| Right click | 1026 | |
| Select / deselect | 194 | |
| Select group hotkey | 624 | |
| Use ability | 126 | |
2161 total
» units
| Peon | 13 | |
| Wind Rider | 12 | |
| Troll Batrider | 4 | |
| Raider | 4 | |
33 total
» upgrades
| Ranged Weapons | 4 | |
| Armor | 3 | |
| Envenomed Spears | 1 | |
| Reinforced Defenses | 1 | |
| Ensnare | 1 | |
| Melee Weapons | 3 | |
13 total
» buildings
| Altar of Storms | 1 | |
| Orc Burrow | 6 | |
| Stronghold | 4 | |
| Voodoo Lounge | 1 | |
| War Mill | 1 | |
| Beastiary | 3 | |
| Fortress | 2 | |
| Great Hall | 1 | |
19 total
» build order
00:08 Altar of Storms
00:23 Orc Burrow
02:23 Stronghold
02:24 Stronghold
02:28 Voodoo Lounge
02:42 War Mill
02:47 Orc Burrow
02:48 Orc Burrow
02:50 Orc Burrow
04:51 Beastiary
04:55 Beastiary
07:40 Fortress
07:41 Fortress
08:58 Great Hall
10:08 Orc Burrow
10:08 Orc Burrow
12:55 Beastiary
22:10 Stronghold
22:10 Stronghold
» items
| Lesser Clarity Potion | 4 | |
| Healing Salve | 3 | |
| Staff of Teleportation | 1 | |
| Potion of Lesser Invulnerability | 2 | |
| Scroll of Healing | 3 | |
| Scroll of Town Portal | 2 | |
| Orb of Lightning | 1 | |
16 total
steviek478 (
yellow | 74 APM | 2210 actions | 29:57)
6 Demon Hunter
3 Mana Burn
2 Evasion
1 Metamorphosis
5 Keeper of the Grove
3 Entangling Roots
2 Thorns Aura
» actions
| Assign group hotkey | 42 | |
| Basic commands | 362 | |
| Build / train | 103 | |
| Enter build submenu | 16 | |
| Enter hero's abilities submenu | 12 | |
| Give item / drop item | 2 | |
| Right click | 735 | |
| Select / deselect | 350 | |
| Select group hotkey | 510 | |
| Use ability | 78 | |
2210 total
» units
| Wisp | 18 | |
| Archer | 18 | |
| Huntress | 11 | |
| Makrura Snapper | 1 | |
| Dryad | 16 | |
| Druid of the Claw | 5 | |
69 total
» upgrades
| Strength of the Moon | 3 | |
| Abolish Magic | 1 | |
| Druid of the Claw Training | 2 | |
| Upgrade Moon Glaive | 1 | |
| Strength of the Wild | 3 | |
| Mark of the Claw | 1 | |
| Marksmanship | 1 | |
| Improved Bows | 1 | |
| Reinforced Hides | 1 | |
| Moon Armor | 1 | |
15 total
» buildings
| Altar of Elders | 1 | |
| Moon Well | 8 | |
| Ancient of War | 1 | |
| Hunter's Hall | 1 | |
| Ancient of Wonders | 1 | |
| Tree of Ages | 1 | |
| Ancient of Lore | 2 | |
| Tree of Eternity | 1 | |
| Tree of Life | 2 | |
18 total
» build order
00:10 Altar of Elders
00:20 Moon Well
00:36 Ancient of War
01:33 Moon Well
02:40 Hunter's Hall
03:04 Ancient of Wonders
03:48 Moon Well
04:05 Tree of Ages
06:32 Moon Well
06:42 Ancient of Lore
06:47 Ancient of Lore
07:49 Tree of Eternity
08:49 Moon Well
09:15 Tree of Life
20:05 Moon Well
21:21 Moon Well
22:17 Moon Well
29:55 Tree of Life
» items
| Scroll of Protection | 2 | |
| Scroll of Town Portal | 1 | |
3 total
Chat log
(00:57 / Allies) steviek478: dryads n bears here
(01:06 / Allies) ChInoCOChino: dk fiends etc
(01:21 / Allies) NO_HWAY: rifles pally
(05:18 / Allies) Jakes_a_pimp: clan garg in the houseeeeeeee
(07:29 / Allies) NO_HWAY: nice
(09:32 / Allies) NO_HWAY: \omw
(10:32 / Allies) Jakes_a_pimp: stay
(10:57 / Allies) steviek478: omw
(11:59 / Allies) NO_HWAY: fucking
(12:03 / Allies) NO_HWAY: watch for morts attacking your mains
(13:39 / Allies) NO_HWAY: stay back
(13:41 / Allies) NO_HWAY: kill troops
(14:48 / Allies) ChInoCOChino: run
(16:54 / All) Jakes_a_pimp: god dammit faggots
(17:39 / All) Jakes_a_pimp: leave
(17:46 / Allies) NO_HWAY: no
(17:48 / Allies) NO_HWAY: just stay back
(17:58 / Allies) Jakes_a_pimp: another base
(18:04 / Allies) NO_HWAY: ok
(18:20 / Allies) NO_HWAY: they fed us alot
(19:15 / Allies) NO_HWAY: lol
(19:16 / All) steviek478: pwnage
(19:57 / All) Jakes_a_pimp: leave
(20:08 / All) steviek478: that means now
(20:20 / All) Jakes_a_pimp: purple you're a bad player who hid behind towers
(20:34 / All) humans_wrath: u are terrible chasing only heros
(20:35 / All) humans_wrath: plz
(20:40 / All) Jakes_a_pimp: i could afford to i had 2 expos
(20:42 / All) Jakes_a_pimp: dumbass
(20:43 / All) Jakes_a_pimp: clown
(20:52 / All) Jakes_a_pimp: just leav eu lost
(20:54 / All) humans_wrath: lol
(20:58 / All) ChInoCOChino: Must leave now
(20:59 / All) humans_wrath: of course we lost
(21:01 / All) ChInoCOChino: say that to your self
(21:04 / All) ChInoCOChino: MUS LEVE NMW
(21:05 / All) humans_wrath: someone must be bitter
(21:06 / All) ChInoCOChino: NOW
(21:14 / All) steviek478: stfu and leave bitch
(21:16 / All) humans_wrath: must of lost terribly one time and didnt forget my name
(21:17 / All) humans_wrath: lol
(21:19 / All) humans_wrath: its true
(21:25 / All) Jakes_a_pimp: im the brother o fkodos_Forsaken iits in my genes to own nabs like u
(22:27 / All) Jakes_a_pimp: leave before i report u to blizzard for sucking in 4v4
(22:32 / All) humans_wrath: lol
(22:35 / All) humans_wrath: bitter
(22:37 / All) ChInoCOChino: lol?
(22:37 / All) humans_wrath: it must go a long ways
(23:27 / All) Jakes_a_pimp: ur lucky my wife left me toda
(23:28 / All) Jakes_a_pimp: im not myself
(23:47 / All) humans_wrath: probably cause you are terrible at this game
(23:48 / All) humans_wrath: HAHAHA
(23:57 / All) Jakes_a_pimp: ur ell is horrible to match a new account
(23:58 / All) ChInoCOChino: hehehe
(24:00 / Allies) NO_HWAY: LOL\
(24:33 / All) ChInoCOChino: epic fail
(24:40 / All) Jakes_a_pimp: out purple
(24:41 / All) ChInoCOChino: lol
(24:44 / All) Jakes_a_pimp: btw i have horrible lag too
(24:46 / All) Ken_Oh_Troops: lol
(24:47 / Allies) steviek478: no
(24:55 / All) humans_wrath: lol no wonder you dont know how to micro
(24:56 / All) humans_wrath: gj
(25:07 / All) Jakes_a_pimp: it is time for u to leave purple
(25:09 / All) Ken_Oh_Troops: me?
(25:12 / All) Jakes_a_pimp: u have disgraced us
(25:59 / All) Jakes_a_pimp: there ya go free bats
(26:11 / All) Jakes_a_pimp: now u cant say u havent killed a single unit this game
(27:17 / All) ChInoCOChino: heh tanks?
(27:25 / All) Jakes_a_pimp: the name chino is familiar, haven't u matched bearand and clan towa before pink?
(29:00 / All) Ken_Oh_Troops: lol wow tanks swuck ASS
(29:24 / Allies) NO_HWAY: LOL